 Dungeon Crawl Stone Soup version 0.22-a0-192-g6ffc940 (webtiles) character file.

93137 Azzok the Scorcher (level 15, -10/93 HPs)
             Began as a Deep Elf Fire Elementalist on Feb 16, 2018.
             Was a High Priest of Vehumet.
             Mangled by a skeletal warrior
             ... wielding a +0 mace of crushing
             ... led by a skeletal warrior
              (24 damage)
             ... on level 14 of the Dungeon.
             The game lasted 01:53:10 (36457 turns).

Azzok the Scorcher (Deep Elf Fire Elementalist)    Turns: 36457, Time: 01:53:10

Health: -10/93     AC: 18    Str:  5    XL:     15   Next: 59%
Magic:  23/34      EV: 13    Int: 30    God:    Vehumet [*****.]
Gold:   171        SH:  5    Dex: 15    Spells: 5/40 levels left

rFire    + + +     SeeInvis .   b - +3 Elemental Staff {rElec rF++ rC++ MR++ AC+5}
rCold    + + +     Gourm    .   l - +0 buckler
rNeg     . . .     Faith    .   D - +2 robe {MR+}
rPois    .         Spirit   .   s - +0 helmet
rElec    +         Reflect  .   y - scarf {rC+ rF+}
rCorr    .         Harm     .   n - +2 pair of gloves
MR       ++++.                  P - +0 pair of boots
Stlth    ++........             G - amulet of regeneration
HPRegen  0.65/turn              f - +3 ring of intelligence
MPRegen  0.24/turn              L - +4 ring of protection

@: studying Armour
A: no striking features
a: Renounce Religion


You were on level 14 of the Dungeon.
You worshipped Vehumet.
Vehumet was extremely pleased with you.
You were hungry.

You visited 4 branches of the dungeon, and saw 24 of its levels.
You also visited: Ice Cave.

You collected 2647 gold pieces.
You spent 2476 gold pieces at shops.

Inventory:

Hand Weapons
 b - the +3 Elemental Staff (weapon) {rElec rF++ rC++ MR++ AC+5}
   (You bought it in a shop on level 9 of the Dungeon)

   It affects your AC (+5).
   It greatly protects you from fire.
   It greatly protects you from cold.
   It insulates you from electricity.
   It affects your resistance to hostile enchantments.
 o - a +3 whip of electrocution
Armour
 l - a +0 buckler (worn)
 n - a +2 pair of gloves (worn)
 s - a +0 helmet (worn)
 y - a scarf of resistance (worn)
 D - a +2 robe of magic resistance (worn)
 P - a +0 pair of boots (worn)
Jewellery
 a - a +2 amulet of reflection
 d - an uncursed ring of protection from fire
 f - a +3 ring of intelligence (left hand)
 m - an uncursed ring of protection from cold
 w - an uncursed ring of flight
 E - the ring of Disaster {rPois rC+ Str+4}
   (You found it on level 2 of the Lair of Beasts)

   [ring of protection from cold]

   It affects your strength (+4).
   It protects you from cold.
   It protects you from poison.
 G - an amulet of regeneration (around neck)
 L - a +4 ring of protection (right hand)
Wands
 v - a wand of iceblast (7)
 H - a wand of scattershot (1)
 W - a wand of acid (6)
Scrolls
 j - 6 scrolls of fog
 r - 5 scrolls of remove curse
 t - a scroll of silence {unknown}
 x - 3 scrolls of immolation
 z - a scroll of amnesia
 A - a scroll of identify
 I - a scroll of blinking {unknown}
 K - 2 scrolls of fear
 M - 4 scrolls of teleportation
 N - 5 scrolls of magic mapping {unknown}
 Q - 6 scrolls of enchant weapon {unknown}
Potions
 g - 5 potions of mutation {!q}
 h - 3 potions of cancellation {unknown}
 i - 3 potions of flight
 k - 7 potions of curing
 q - 2 potions of might
 u - 7 potions of heal wounds {unknown}
 B - 2 potions of resistance {unknown}
 C - 3 potions of lignification {unknown}
 F - 7 potions of agility {unknown}
 J - 5 potions of brilliance
 S - a potion of magic {unknown}
 U - 3 potions of berserk rage {unknown}
Books
 O - a manual of Armour
Miscellaneous
 e - a phantom mirror
 p - a lightning rod (4/4)
Comestibles
 c - 29 rations


   Skills:
 - Level 10.5 Fighting
 - Level 2.4 Dodging
 - Level 2.4 Stealth
 - Level 4.0 Shields
 + Level 13.0 Spellcasting
 - Level 16.4 Conjurations
 + Level 17.5 Fire Magic


You had 5 spell levels left.
You knew the following spells:

 Your Spells              Type           Power        Failure   Level  Hunger
a - Flame Tongue          Conj/Fire      #####        0%          1    None
b - Conjure Flame         Conj/Fire      #######.     0%          3    None
c - Sticky Flame          Conj/Fire      #######.     0%          4    None
d - Fireball              Conj/Fire      #######...   1%          5    #......
e - Ignition              Fire           #######...   3%          8    #######
f - Necromutation         Tmut/Necr      ###.......   100%        8    #######
g - Poison Arrow          Conj/Pois      ######....   3%          6    ####...


Dungeon Overview and Level Annotations

Branches:
Dungeon (15/15)            Temple (1/1) D:4            Lair (6/6) D:9
  Swamp (0/4) Lair:2        Snake (0/4) Lair:4        Slime (0/5) Lair:6
    Orc (2/2) D:11            Elf (0/3) Orc:2        Vaults (0/5) D:14
 Depths: D:15

Altars:
Ashenzari
Cheibriados
Dithmenos
Elyvilon
Fedhas
Gozag
Makhleb
Qazlal
Ru
Sif Muna
Vehumet
Wu Jian
Xom
Yredelemnul
Zin
Beogh
Jiyva

Shops:
D:4 }   D:9 (   D:11 [(   D:12 :   Orc:2 [*[?

Portals:
Trove: D:10 (give 3 potions of resistance)

Annotations:
D:6 Eustachio
D:13 Gorglomux's ghost, journeyman HuSk
Lair:4 Azzok's ghost, journeyman GrEE
Lair:6 1 runed door


Message History

There is a stone staircase leading up, spattered with blood here.
The skeletal warrior hits you with a mace of crushing!!
* * * LOW HITPOINT WARNING * * *
x2 The skeletal warrior hits you with a hand axe.
* * * LOW HITPOINT WARNING * * *
You climb upwards.
There is a stone staircase leading down here.
The skeletal warrior hits you but does no damage.
Casting: Fireball (safe; 1% risk of failure)
Confirm with . or Enter, or press ? or * to list all spells.
Aiming: Sticky Flame (safe; 0% risk of failure)
Press: ? - help, Shift-Dir - straight line, f - skeletal warrior
Aim: a skeletal warrior, wielding a mace of crushing (moderately damaged)
The sticky flame hits the skeletal warrior.
The skeletal warrior appears unharmed.
The skeletal warrior is moderately damaged.
The skeletal warrior is covered in liquid flames!
The skeletal warrior burns!
The skeletal warrior hits you with a mace of crushing!!
You die...

▒ ▒·▒▒▒ ▒·▒ ▒··▒▒··▒ ▒
▒·▒ ▒·▒ ▒·▒▒▒··▒ ▒ ▒·▒
▒·▒▒▒·▒▒▒<·▒ ▒ ▒·▒
▒·····((···▒ ▒·▒
▒▒····<····▒ ▒ ▒·▒
▒·▒▒(▒▒▒▒·▒▒▒ ▒ ▒·▒
▒>▒((·▒▒▒·▒·▒▒ ▒ ▒·▒
▒▒▒▒▒▒▒·((···▒▒····▒ ▒
▒·▒ ▒····@zz······▒▒▒·▒▒
▒ ▒·▒ ▒·▒▒▒▒▒······▒▒ ▒·▒
▒ ▒·▒ ▒·▒ ▒·▒···▒▒ ▒)▒ ▒
▒▒▒·▒▒▒·▒ ▒<▒▒·▒▒ ▒·▒ ▒
▒·····(·▒▒▒▒▒··▒▒▒▒▒▒▒▒·▒
▒
▒·▒·▒▒··················▒
▒▒
▒·▒················▒▒▒▒▒▒
·▒ ▒·▒▒▒······▒)▒·····▒
·▒ ▒·▒ ▒·····▒▒▒▒▒····▒


You could see 2 skeletal warriors.

Vanquished Creatures
  A reaper (IceCv)
  An ettin (Orc:2)
  Snorg (D:13)
  Harold (Lair:2)
  12 hydras
  A dancing weapon (D:14)
  A centaur warrior (D:13)
  A tengu warrior (D:13)
  9 two-headed ogres
  A queen ant (Lair:2)
  12 spriggans (Lair:6)
  Nergalle (D:12)
  2 skeletal warriors (D:15)
  2 unseen horrors
  Pikel (D:7)
  3 orc sorcerers (Orc:1)
  A cyclops (D:13)
  An oklob plant (Lair:6)
  7 orc knights
  15 elephants
  4 ugly things
  2 manticores
  3 black mambas
  Joseph (D:8)
  Maurice (Orc:2)
  2 ice statues (IceCv)
  10 spiny frogs
  8 rime drakes
  10 ice devils (IceCv)
  7 komodo dragons
  3 meliai (D:15)
  3 hornets (Lair:6)
  5 trolls
  3 polar bears
  Prince Ribbit (D:6)
  4 slime creatures (D:12)
  18 hippogriffs
  9 blink frogs
  15 dream sheep (Lair:6)
  13 wyverns
  Sigmund (D:6)
  A shadow (D:9)
  2 wraiths
  A water elemental (D:14)
  Grum (D:8)
  3 hogs (D:13)
  41 yaks
  A human (D:13)
  3 vampire mosquitoes (D:15)
  A hungry ghost (D:14)
  5 basilisks
  14 soldier ants
  2 nagas (Lair:4)
  7 wargs (Orc:2)
  9 water moccasins
  A hell hound (Lair:5)
  8 porcupines
  A slave (D:7)
  15 ice beasts
  7 sky beasts
  44 orc warriors
  3 phantoms
  6 black bears
  A necrophage (D:10)
  8 ogres
  4 boggarts (Lair:6)
  34 wolves
  2 centaurs
  7 crocodiles
  6 big kobolds
  A wyvern zombie (D:9)
  A gnoll sergeant (D:12)
  9 bullfrogs
  6 scorpions
  3 killer bees (D:10)
  4 wights (D:14)
  An electric eel (D:10)
  4 crimson imps
  4 centaur zombies
  A quasit (D:10)
  6 hounds
  4 bullfrog zombies
  21 orc priests
  3 jellies
  4 bullfrog skeletons
  3 centaur skeletons
  5 iguanas
  23 orc wizards
  35 worker ants
  4 hound skeletons
  A howler monkey zombie (D:9)
  5 worker ant zombies
  Robin (D:4)
  17 adders
  9 gnolls
  A howler monkey skeleton (D:5)
  5 shadow imps
  11 white imps (IceCv)
  An ufetubus (IceCv)
  2 oozes
  2 adder skeletons
  3 worms
  6 dart slugs
  9 leopard geckos
  97 orcs
  9 bats
  7 giant cockroaches
  19 goblins
  10 hobgoblins
  7 jackals
  4 quokkas
  2 frilled lizards (D:1)
  A jackal skeleton (D:4)
  37 kobolds
  6 rats
  4 fungi
  6 plants
859 creatures vanquished.

Vanquished Creatures (others)
  3 slaves (D:7)
  A bullfrog (D:7)
  A scorpion (D:7)
  2 gnolls (D:7)
  4 white imps (IceCv)
  3 ufetubi (IceCv)
  3 orcs (D:7)
  20 fungi
  7 plants
  A withered plant (D:15)
45 creatures vanquished.

Grand Total: 904 creatures vanquished

Notes
Turn   | Place    | Note
-------+----------+-------------------------------------------
     0 | D:1      | Azzok the Deep Elf Fire Elementalist began the quest for the Orb.
     0 | D:1      | Reached XP level 1. HP: 10/10 MP: 6/6
   292 | D:1      | Reached XP level 2. HP: 15/15 MP: 6/8
   603 | D:1      | Reached XP level 3. HP: 19/19 MP: 3/10
   679 | D:1      | Learned a level 3 spell: Conjure Flame
  1188 | D:2      | Reached skill level 4 in Fire Magic
  1305 | D:2      | Reached XP level 4. HP: 8/24 MP: 2/12
  1919 | D:2      | Learned a level 4 spell: Sticky Flame
  2018 | D:2      | Found a white marble altar of Elyvilon.
  2366 | D:3      | Reached XP level 5. HP: 23/28 MP: 3/14
  2535 | D:3      | Reached skill level 5 in Spellcasting
  2939 | D:3      | Reached skill level 5 in Fire Magic
  3045 | D:3      | Learned a level 5 spell: Fireball
  3046 | D:3      | Reached XP level 6. HP: 26/32 MP: 14/16
  3488 | D:3      | Found a snail-covered altar of Cheibriados.
  3554 | D:4      | Found Rumeas's Gadget Shoppe.
  4087 | D:4      | You fall through a shaft for 2 floors!
  4087 | D:6      | Noticed Eustachio
  4087 | D:6      | Noticed an ice beast
  4101 | D:6      | Killed an ice beast
  4164 | D:6      | Reached XP level 7. HP: 21/36 MP: 9/18
  4344 | D:5      | Entered Level 5 of the Dungeon
  4357 | D:5      | Reached skill level 5 in Conjurations
  4357 | D:5      | Reached skill level 6 in Fire Magic
  4714 | D:4      | Found a staircase to the Ecumenical Temple.
  4721 | Temple   | Entered the Ecumenical Temple
  4728 | Temple   | Became a worshipper of Vehumet
  4787 | D:4      | Noticed Robin
  4796 | D:4      | Killed Robin
  6035 | D:6      | Reached XP level 8. HP: 35/41 MP: 16/21
  6126 | D:6      | Noticed Sigmund
  6171 | D:6      | Killed Sigmund
  6171 | D:6      | Reached skill level 7 in Fire Magic
  6449 | D:7      | Noticed Prince Ribbit
  6453 | D:6      | Killed Prince Ribbit
  6749 | D:7      | Reached * piety under Vehumet
  6749 | D:7      | Offered knowledge of Freeze by Vehumet.
  6847 | D:7      | Noticed Pikel
  6859 | D:7      | Killed Pikel
  6859 | D:7      | Reached skill level 8 in Fire Magic
  6859 | D:7      | Reached XP level 9. HP: 30/45 MP: 8/24
  7048 | D:7      | Noticed a troll
  7080 | D:7      | Killed a troll
  7695 | D:8      | Noticed Grum
  7706 | D:7      | Reached skill level 10 in Spellcasting
  7927 | D:8      | Reached skill level 1 in Fighting
  7927 | D:8      | Reached skill level 1 in Shields
  7927 | D:8      | Reached skill level 9 in Fire Magic
  8006 | D:8      | Noticed a two-headed ogre
  8038 | D:8      | Killed a two-headed ogre
  8301 | D:8      | Reached XP level 10. HP: 37/54 MP: 21/26
  8419 | D:8      | Noticed Joseph
  8649 | D:8      | Killed Joseph
  8830 | D:8      | Killed Grum
  8833 | D:8      | Offered knowledge of Magic Dart by Vehumet.
  8965 | D:8      | Got a steaming rapier
  9031 | D:8      | Noticed a two-headed ogre
  9044 | D:8      | Killed a two-headed ogre
  9044 | D:8      | Reached ** piety under Vehumet
  9132 | D:8      | Reached skill level 10 in Fire Magic
  9741 | D:9      | Found a staircase to the Lair.
 10029 | D:9      | Found Nowosh's Weapon Emporium.
 10454 | D:9      | Noticed a brown ugly thing
 10462 | D:9      | Noticed a two-headed ogre
 10501 | D:9      | Killed a two-headed ogre
 10501 | D:9      | Reached skill level 10 in Conjurations
 10502 | D:9      | Offered knowledge of Ignite Poison by Vehumet.
 10734 | Lair:1   | Entered Level 1 of the Lair of Beasts
 11106 | Lair:1   | Reached XP level 11. HP: 62/62 MP: 27/27
 11108 | Lair:1   | Noticed an eight-headed hydra
 11355 | Lair:1   | Killed an eight-headed hydra
 11355 | Lair:1   | Reached skill level 5 in Fighting
 11355 | Lair:1   | Reached skill level 11 in Fire Magic
 11506 | Lair:1   | Reached *** piety under Vehumet
 12090 | Lair:1   | Got a polished chain mail
 12796 | Lair:2   | Noticed Harold
 12802 | Lair:2   | Killed Harold
 12926 | Lair:2   | Found a staircase to the Swamp.
 12931 | Lair:2   | Identified the +8 rapier "Ecorcham" {pierce, *Slow rN+ Stlth+} (You found it on level 8 of the Dungeon)
 13322 | Lair:2   | Noticed a queen ant
 13482 | Lair:2   | Reached skill level 12 in Fire Magic
 13762 | Lair:2   | Offered knowledge of Throw Icicle by Vehumet.
 13849 | Lair:2   | Got a bound silver ring
 14077 | Lair:2   | Killed a queen ant
 14100 | Lair:2   | Reached XP level 12. HP: 63/71 MP: 5/28
 14515 | Lair:2   | Identified the ring of Disaster {rPois rC+ Str+4} (You found it on level 2 of the Lair of Beasts)
 14518 | Lair:2   | Identified the +3 chain mail of Noon {*Corrode rF+ Slay+5 SInv} (You found it on level 1 of the Lair of Beasts)
 15398 | Lair:3   | Noticed a four-headed hydra
 15408 | Lair:3   | Noticed a six-headed hydra
 15413 | Lair:3   | Killed a four-headed hydra
 15589 | Lair:3   | Killed a six-headed hydra
 15733 | Lair:2   | Reached **** piety under Vehumet
 16262 | Lair:3   | Offered knowledge of Static Discharge by Vehumet.
 16264 | Lair:3   | Reached skill level 13 in Fire Magic
 17502 | Lair:4   | Noticed Azzok's ghost (journeyman GrEE)
 17502 | Lair:4   | Noticed a four-headed hydra
 17515 | Lair:4   | Killed a four-headed hydra
 17722 | Lair:4   | Got a scorched falchion
 17745 | Lair:4   | Noticed an eight-headed hydra
 17749 | Lair:4   | Killed an eight-headed hydra
 17820 | Lair:4   | Identified the cursed +0 falchion of the World {flame, rElec MR+ MP+9 Str+2} (You found it on level 4 of the Lair of Beasts)
 17946 | Lair:4   | Noticed a seven-headed hydra
 17948 | Lair:4   | Killed a seven-headed hydra
 18112 | Lair:4   | Found a staircase to the Snake Pit.
 18865 | Lair:5   | Reached XP level 13. HP: 78/79 MP: 28/29
 19779 | Lair:5   | Reached skill level 14 in Fire Magic
 19794 | Lair:5   | Reached ***** piety under Vehumet
 20263 | Lair:5   | Offered knowledge of Force Lance by Vehumet.
 20301 | Lair:5   | Learned a level 4 spell: Force Lance
 20435 | Lair:6   | Entered Level 6 of the Lair of Beasts
 20752 | Lair:6   | Found a runed door.
 20752 | Lair:6   | Found a viscous altar of Jiyva.
 20773 | Lair:6   | Found a staircase to the Slime Pits.
 21710 | Lair:6   | Reached skill level 10 in Fighting
 21960 | Lair:6   | Reached XP level 14. HP: 72/88 MP: 14/30
 22017 | Lair:6   | Reached skill level 15 in Fire Magic
 22294 | Lair:6   | HP: 2/88 [dream sheep (14)]
 22691 | Lair:6   | Found a blossoming altar of Fedhas.
 23449 | Lair:6   | Reached skill level 15 in Conjurations
 24372 | D:9      | Learned a level 8 spell: Necromutation
 24632 | D:9      | Bought the +3 Elemental Staff {rElec rF++ rC++ MR++ AC+5} for 1043 gold pieces
 24632 | D:9      | Found the +3 Elemental Staff {rElec rF++ rC++ MR++ AC+5}
 24663 | D:10     | Entered Level 10 of the Dungeon
 24695 | D:10     | Offered knowledge of Iskenderun's Battlesphere by Vehumet.
 24944 | D:10     | Found a portal to a secret trove of treasure.
 26117 | D:11     | Offered knowledge of Bolt of Magma by Vehumet.
 26317 | D:11     | Found a frozen archway.
 26408 | IceCv    | Entered an ice cave
 27077 | IceCv    | Reached skill level 16 in Fire Magic
 27173 | IceCv    | Noticed a reaper
 27179 | IceCv    | Killed a reaper
 27295 | IceCv    | Got a pitted morningstar
 27320 | IceCv    | Identified the cursed +1 morningstar of Checks and Balances {crush, rF- rN+ MR+ Int+8} (You found it in an ice cave)
 27619 | D:11     | Found Otiet Jig's Weapon Emporium.
 27620 | D:11     | Found a staircase to the Orcish Mines.
 27621 | D:11     | Found Idijoss's Armour Emporium.
 28152 | D:12     | Found Kaperr's Book Emporium.
 28155 | D:12     | Offered knowledge of Poison Arrow by Vehumet.
 28427 | D:12     | Learned a level 6 spell: Poison Arrow
 28465 | D:12     | Noticed Nergalle
 29526 | D:12     | Killed Nergalle
 29694 | Orc:1    | Entered Level 1 of the Orcish Mines
 29895 | D:11     | Reached XP level 15. HP: 77/93 MP: 3/31
 30358 | Orc:1    | Found a dark tunnel.
 30555 | Orc:2    | Entered Level 2 of the Orcish Mines
 30609 | D:12     | Bought a book of the Tempests for 910 gold pieces
 30839 | Orc:2    | Found a staircase to the Elven Halls.
 31477 | Orc:2    | Learned a level 8 spell: Ignition
 32429 | Orc:2    | Found a roughly hewn altar of Beogh.
 32470 | Orc:2    | Reached ****** piety under Vehumet
 32552 | Orc:2    | Noticed Maurice
 32570 | Orc:2    | Killed Maurice
 32570 | Orc:2    | Offered knowledge of Bolt of Fire by Vehumet.
 32855 | Orc:2    | Found Jaew Hos's Assorted Antiques.
 32855 | Orc:2    | Found Agod's Antique Armour Emporium.
 32861 | Orc:2    | Bought an ancient robe for 153 gold pieces
 32870 | Orc:2    | Bought a spiked ring mail for 306 gold pieces
 32944 | Orc:2    | Found Ygorche's Magic Scroll Shop.
 32944 | Orc:2    | Found Meerrai's Armour Emporium.
 32948 | Orc:2    | Bought a scroll of identify for 32 gold pieces
 32948 | Orc:2    | Bought a scroll of identify for 32 gold pieces
 32948 | Orc:2    | Identified the +2 robe of Untold Secrets {rPois Regen+ Str-4 Int+3} (You bought it in a shop on level 2 of the Orcish Mines)
 32950 | Orc:2    | Identified the +5 ring mail of the Greedy {*Corrode rPois MR+++ SInv} (You bought it in a shop on level 2 of the Orcish Mines)
 33156 | D:13     | Noticed Gorglomux's ghost (journeyman HuSk)
 33472 | D:13     | Noticed Snorg
 33475 | D:13     | Killed Snorg
 33475 | D:13     | Reached skill level 17 in Fire Magic
 35812 | D:14     | Found a gate to the Vaults.
 36155 | D:15     | Entered Level 15 of the Dungeon
 36457 | D:14     | Mangled by a skeletal warrior

Vault maps used:
D:1:      dpeg_arrival_renting
D:2:      grunt_ministairs_1, elyvilon_altar_1
D:3:      kennysheep_slug_shrine, first_ration
D:4:      serial_shops, shop, uniq_robin
D:6:      minmay_misc_feat_enclosed, uniq_eustachio, uniq_sigmund
D:7:      uniq_pikel, uniq_prince_ribbit1
D:8:      uniq_grum, uniq_joseph
D:9:      kennysheep_windowed_halls, dpeg_oklobed_lair, serial_shops, shop
D:10:     kennysheep_ambush_hall, enter_trove_2, minivault_14
D:11:     orc_david_3, portal_ice_cave_entry_ice_beasts
D:12:     serial_shops, shop, uniq_nergalle
D:13:     grunt_livestock, kennysheep_generic_room_11, uniq_snorg
D:14:     erik_vaults_1, nicolae_sextant, nicolae_lava_and_water
D:15:     gammafunk_depths_entry_grave, roderic_serpentine_path,
          evilmike_butchery
Temple:   dpeg_three_leaves_temple
Lair:2:   swamp_mist, zaba_anthell, uniq_harold
Lair:3:   grunt_megastairs_2
Lair:4:   guppyfry_snake_entry_island, lemuel_fruit_tree
Lair:5:   special_room
Lair:6:   minmay_lair_end_enchanted_forest, slime_altar_2,
          nicolae_quartered_pool_medium, tgw_fedhas
Orc:1:    nicolae_volcano_entry_hallway
Orc:2:    st_orc_town, uniq_maurice
IceCv:    ice_cave_small_demon

Skill      XL: |  1  2  3  4  5  6  7  8  9 10 11 12 13 14 15 |
---------------+----------------------------------------------+-----
Conjurations   | 2 3 4 5 7 8 10 11 13 14 16 | 16.4
Spellcasting   | 4 5 6 7 9 10 13 | 13.0
Fire Magic     | 4 5 6 8 9 10 12 13 14 16 17 | 17.5
Fighting       | 2 4 6 8 10 | 10.5
Shields        | 2 4 |  4.0
Dodging        | |  2.4
Stealth        | |  2.4

Action                   |  1- 3 |  4- 6 |  7- 9 | 10-12 | 13-15 || total
-------------------------+-------+-------+-------+-------+-------++-------
Melee: Dagger            |    22 |    53 |       |       |       ||    75
       Whip              |       |       |     9 |    36 |     9 ||    54
       Falchion          |       |       |       |     1 |     5 ||     6
       Staff             |       |       |       |       |    51 ||    51
 Cast: Flame Tongue      |    50 |   129 |   183 |   381 |   569 ||  1312
       Conjure Flame     |     1 |     3 |     3 |    15 |    10 ||    32
       Sticky Flame      |       |     3 |    19 |    69 |   130 ||   221
       Fireball          |       |       |     2 |    62 |   321 ||   385
       Force Lance       |       |       |       |       |     2 ||     2
       Poison Arrow      |       |       |       |       |    24 ||    24
       Ignition          |       |       |       |       |     6 ||     6
Evoke: Wand              |       |       |       |       |     4 ||     4
  Use: Potion            |     4 |     1 |       |     1 |       ||     6
       Scroll            |     2 |     3 |     6 |     8 |    14 ||    33
 Stab: Sleeping          |       |       |     1 |     1 |       ||     2
  Eat: Chunk             |     1 |     9 |    10 |    22 |    71 ||   113
       Ration            |       |       |     1 |     5 |     6 ||    12
Armor: Robe              |     8 |    10 |    10 |    36 |   154 ||   218
       Animal skin       |       |       |     1 |       |       ||     1
Dodge: Dodged            |    25 |    68 |    71 |   167 |   223 ||   554
Block: Buckler           |       |       |       |     5 |    91 ||    96
       Rpst.: Falchion   |       |       |       |     2 |    15 ||    17

Table legend:
 A = Spawn XP
 B = Non-spawn XP
 C = Spawn XP percentage of total XP
 D = Spawn monster count
 E = Non-spawn monster count
 F = Spawn count percentage of total count
 G = Total turns spent on level
                    A         B        C        D         E        F      G
               +---------+---------+-------+---------+---------+-------+---------
         Total |       0 |  133054 |   0.0 |       0 |     848 |   0.0 | 36457
               +---------+---------+-------+---------+---------+-------+---------
           D:1 |       0 |      50 |   0.0 |       0 |      22 |   0.0 |  1037
           D:2 |       0 |     135 |   0.0 |       0 |      34 |   0.0 |  1310
           D:3 |       0 |     214 |   0.0 |       0 |      39 |   0.0 |  1204
           D:4 |       0 |     336 |   0.0 |       0 |      24 |   0.0 |  1249
           D:5 |       0 |     438 |   0.0 |       0 |       8 |   0.0 |  1016
           D:6 |       0 |     782 |   0.0 |       0 |      10 |   0.0 |   894
           D:7 |       0 |    1768 |   0.0 |       0 |      21 |   0.0 |  1104
           D:8 |       0 |    3889 |   0.0 |       0 |      27 |   0.0 |  1506
           D:9 |       0 |    4677 |   0.0 |       0 |      49 |   0.0 |  2294
          D:10 |       0 |    3888 |   0.0 |       0 |      64 |   0.0 |  1790
          D:11 |       0 |    5564 |   0.0 |       0 |      40 |   0.0 |  1491
          D:12 |       0 |    8727 |   0.0 |       0 |      40 |   0.0 |  2084
          D:13 |       0 |    8581 |   0.0 |       0 |      30 |   0.0 |  1234
          D:14 |       0 |    5184 |   0.0 |       0 |      25 |   0.0 |  1097
          D:15 |       0 |    4115 |   0.0 |       0 |      10 |   0.0 |   163
        Lair:1 |       0 |    6197 |   0.0 |       0 |      24 |   0.0 |  1396
        Lair:2 |       0 |    7594 |   0.0 |       0 |      53 |   0.0 |  3532
        Lair:3 |       0 |    7339 |   0.0 |       0 |      21 |   0.0 |  1892
        Lair:4 |       0 |    4481 |   0.0 |       0 |      10 |   0.0 |  1015
        Lair:5 |       0 |   13243 |   0.0 |       0 |      51 |   0.0 |  1861
        Lair:6 |       0 |   25166 |   0.0 |       0 |      97 |   0.0 |  3475
         Orc:1 |       0 |    5199 |   0.0 |       0 |      42 |   0.0 |  1001
         Orc:2 |       0 |    9539 |   0.0 |       0 |      82 |   0.0 |  1805
         IceCv |       0 |    5948 |   0.0 |       0 |      25 |   0.0 |   992
               +---------+---------+-------+---------+---------+-------+---------
